AoeStats
← Fathandzzz

African Clearing

510415385Analyzed
4v4 RM · 4h ago on Sep 30, 2026· 47m 13s· 8 players
Game mode
Random Map
Map size
Large (8 player)
Population
200
Speed
Normal
Resources
Standard
Victory
Conquest
Starting age
Dark Age
Ending age
Imperial Age
RankedLock teamsTeams togetherTeam positionsShared explorationLock speedFull tech treeHidden civsTurbo modeCheats
Victory
Defeat
🇺🇸 Huns · United States
1282
+12
🇫🇷 Franks · France
1241
+13
🇧🇷 Persians · Brazil
1198
+15
🇺🇸 Inca · United States
1163
+17
🇦🇷 Koreans · Argentina
1226
-16
🇦🇷 Huns · Argentina
1205
-15
🇨🇱 Japanese · Chile
1158
-13
🇦🇷 Bulgarians · Argentina
1150
-13
malfoid
5:38 Loom
17:44 Feudal Age
18:15 Arson
25:34 Castle Age
23:51 Bloodlines
23:36 Double-Bit Axe
26:19 Scale Barding Armor
27:30 Chain Barding Armor
27:17 Husbandry
30:00 Forging
41:18 Imperial Age
41:22 Iron Casting
43:29 Cavalier
DiegoArmando
3:56 Loom
14:18 Feudal Age
15:01 Town Watch
17:39 Fletching
34:56 Double-Bit Axe
35:58 Wheelbarrow
45:09 Castle Age
Vagatela
7:15 Loom
20:43 Feudal Age
21:29 Horse Collar
21:41 Gold Mining
21:41 Arson
21:19 Man-at-Arms
21:53 Double-Bit Axe
Tesorito
5:28 Loom
15:30 Feudal Age
19:15 Castle Age
18:05 Stone Mining
19:00 Wheelbarrow
18:24 Town Watch
19:51 Double-Bit Axe
21:02 Bow Saw
25:12 Scale Mail Armor
27:33 Forging
28:31 Chain Mail Armor
29:40 Elite Skirmisher
31:59 Fletching
32:23 Padded Archer Armor
34:13 Ballistics
43:03 Hand Cart
Fathandzzz
11:28 Loom
14:45 Feudal Age
15:13 Double-Bit Axe
15:08 Horse Collar
18:17 Wheelbarrow
22:07 Castle Age
21:07 Fletching
22:17 Padded Archer Armor
23:34 Bow Saw
26:44 Heavy Plow
33:10 Scale Mail Armor
35:26 Chain Mail Armor
36:48 Forging
37:06 Squires
36:52 Arson
36:58 Arson
36:39 Elite Skirmisher
38:05 Hand Cart
38:54 Thumb Ring
42:39 Imperial Age
40:18 Bodkin Arrow
40:54 Andean Sling
42:59 Elite Kamayuk
44:01 Conscription
43:43 Fabric Shields
43:48 Bracer
45:10 Iron Casting
45:05 Plate Mail Armor
46:00 Ballistics
46:40 Chemistry
Muley | Angel Fire
4:16 Loom
13:53 Feudal Age
14:50 Double-Bit Axe
15:58 Horse Collar
20:21 Castle Age
19:46 Fletching
21:26 Bow Saw
21:13 Gold Mining
21:28 Husbandry
23:42 Wheelbarrow
26:07 Ballistics
26:34 Bodkin Arrow
27:36 Padded Archer Armor
29:59 Heavy Plow
30:16 Thumb Ring
31:33 Bloodlines
33:02 Leather Archer Armor
35:40 Gold Shaft Mining
37:10 Stone Mining
41:25 Imperial Age
41:27 Heavy Cavalry Archer
42:11 Bracer
43:27 Conscription
44:45 Chemistry
45:40 Parthian Tactics
44:59 Capped Ram
46:12 Hand Cart
HAHA
3:47 Loom
5:04 Loom
5:20 Loom
18:13 Feudal Age
38:06 Town Watch
41:43 Horse Collar
47:15 Castle Age
45:24 Double-Bit Axe
47:11 Gold Mining
47:41 Scale Barding Armor
47:47 Forging
47:56 Bow Saw
差不多先生
6:12 Loom
15:20 Feudal Age
19:49 Castle Age
19:28 Double-Bit Axe
21:06 Scale Barding Armor
35:35 Bow Saw
35:51 Forging
37:24 Wheelbarrow
37:22 Husbandry
39:06 Chain Barding Armor
39:22 Iron Casting
41:30 Hand Cart
41:08 Town Watch
45:16 Imperial Age
45:17 Cavalier
46:36 Plate Barding Armor
47:02 Blast Furnace
46:50 Paladin
Connection lost

Rejoining the realm…

Still unreachable

The connection could not be restored.

Session expired

The server has moved on; the page needs a fresh start.